 Dungeon Crawl Stone Soup version 0.25.1-3-ge44b62a0b3 (webtiles) character file.

Game seed: 5147960178175962989

2559 BledDest the Basher (level 9, -4/74 HPs)
             Began as a Demonspawn Artificer on Nov 21, 2020.
             Was an Initiate of Gozag.
             Slain by an Executioner (8 damage)
             ... on level 1 of the Abyss.
             The game lasted 00:19:51 (10543 turns).

BledDest the Basher (Demonspawn Artificer)         Turns: 10543, Time: 00:19:52

Health: -4/74      AC: 20    Str: 18    XL:     9   Next: 31%
Magic:  11/11      EV:  9    Int: 13    God:    Gozag
Gold:   184        SH:  0    Dex: 14    Spells: 8/8 levels left

rFire    . . .     SeeInvis .   F - +4 flail
rCold    + + .     Gourm    .   (no shield)
rNeg     + . .     Faith    .   J - +8 chain mail of the Exiled Heavens {-Cast *Corrode rC++ rN+}
rPois    +         Spirit   .   (helmet restricted)
rElec    .         Reflect  .   p - +0 cloak of Ushadas {+Fly Str+3} (curse)
rCorr    +         Harm     .   A - +2 pair of gloves
MR       .....     NoCast   +   (no boots)
Stlth    ..........             (no amulet)
HPRegen  0.22/turn              l - ring of resist corrosion
MPRegen  0.12/turn              C - ring of poison resistance

@: mighty, about to teleport, gold aura
A: antennae 2, repulsion field 1, powered by pain 2
a: Potion Petition, Call Merchant, Bribe Branch, Renounce Religion, Evoke Flight


You were on level 1 of the Abyss.
You worshipped Gozag.
Gozag was aware of your devotion.
You were not hungry.

You visited 2 branches of the dungeon, and saw 9 of its levels.
You visited the Abyss 1 time.

You collected 725 gold pieces.
You spent 429 gold pieces at shops.
You paid 112 gold pieces to Gozag.

Inventory:

Hand Weapons
 u - a +1 vorpal flail
 v - a +1 dagger of venom
 F - a +4 flail (weapon)
Missiles
 m - 203 stones
 r - 4 silver boomerangs
 s - 14 poisoned darts (quivered)
Armour
 p - the cursed +0 cloak of Ushadas (worn) {+Fly Str+3}
   (You found it on level 6 of the Dungeon)

   It affects your strength (+3).
   It lets you fly.
   It has a curse placed upon it.
 q - a +3 ring mail of positive energy
 A - a +2 pair of gloves (worn)
 J - the +8 chain mail of the Exiled Heavens (worn) {-Cast *Corrode rC++ rN+}
   (You found it on level 8 of the Dungeon)

   It greatly protects you from cold.
   It protects you from negative energy.
   It prevents spellcasting.
   It may corrode you when you take damage.
 L - a +1 plate armour of cold resistance
Jewellery
 l - a ring of resist corrosion (left hand)
 o - an uncursed ring of fire
 C - a ring of poison resistance (right hand)
Wands
 c - a wand of flame (19)
 d - a wand of enslavement (15)
 e - a wand of random effects (13)
 x - a wand of digging (5)
Scrolls
 a - a scroll of fear {unknown}
 b - 2 scrolls of remove curse
 i - a scroll of enchant weapon
 j - 4 scrolls of identify
 n - 7 scrolls of teleportation
 w - a scroll of magic mapping
 y - a scroll of enchant armour
Potions
 g - a potion of haste
 h - a potion of stabbing
 k - a potion of might
 t - 2 potions of lignification
 z - 3 potions of curing
 B - a potion of invisibility
 D - 2 potions of flight {unknown}
 E - a potion of resistance {unknown}
 G - 2 potions of heal wounds
 H - a potion of berserk rage
 I - 2 potions of mutation
 K - 3 potions of brilliance
Comestibles
 f - 16 rations


   Skills:
 - Level 8.0 Fighting
 - Level 0.8 Short Blades
 * Level 9.0 Maces & Flails
 - Level 1.7 Dodging
 - Level 0.8 Stealth
 - Level 3.0 Evocations


You had 8 spell levels left.
You didn't know any spells.
Your spell library contained the following spells:

 Spells                   Type           Power        Failure   Level  Hunger
 Foxfire                  Conj/Fire      #...         99%         1    ##.....
 Conjure Flame            Conj/Fire      #.......     100%        3    ####...
 Inner Flame              Hex/Fire       #.......     100%        3    ####...
 Sticky Flame             Conj/Fire      #.......     100%        4    #####..
 Fireball                 Conj/Fire      #.........   100%        5    ######.


Dungeon Overview and Level Annotations

Branches:
Dungeon (8/15)             Temple (1/1) D:6
   Lair: D:8-11

Altars:
Cheibriados
Elyvilon
Fedhas
Gozag
Hepliaklqana
Kikubaaqudgha
Nemelex Xobeh
Qazlal
Ru
Trog
Vehumet
Wu Jian
Xom
Yredelemnul
Zin

Shops:
D:7 !

Annotations:
D:8 Psyche


Innate Abilities, Weirdness & Mutations

You have a pair of antennae on your head.
You are surrounded by a mild repulsion field. (EV +2)
You sometimes gain power by taking damage.


Message History

You see here a shiny plate armour.
L - a shiny plate armour The Executioner hits you!
* * * LOW HITPOINT WARNING * * *
The Executioner hits you but does no damage.
The Executioner completely misses you.
The Executioner gestures.
The Executioner seems to speed up.
As you read the scroll of teleportation, it crumbles to dust.
You feel strangely unstable.
You feel the power of the Abyss delaying your translocation!
The Executioner barely misses you.
The Executioner hits you but does no damage.
The Executioner completely misses you. The Executioner hits you!
* * * LOW HITPOINT WARNING * * *
The Executioner hits you.
* * * LOW HITPOINT WARNING * * *
The Executioner completely misses you. The Executioner hits you!
You die...
Your body crumbles into a pile of gold.

. . . ...... .....##.
... . ...... .....# #
.## #.... .....# #. .
... .
##...###...####.......
..#.....#.....#.#......
...............# .... .
...............#......
. ......1@.......# ....
.. ..#.....#.....###
###... ##...###...##..
...#.. #....
#.....#..#. #.
..............# ..# ..
#.......##....##......
####.#.#...............
##.##. ..#.....#. ###
#. #...###...##. ...


You could see an Executioner (fast).

Vanquished Creatures
  2 centaur zombies
  Grinder (D:5)
  2 sky beasts
  An orc warrior (Temple)
  3 ogres
  A centaur (D:7)
  A small abomination (Abyss:1)
  8 wights (D:6)
  2 crimson imps
  2 hounds (D:5)
  A jelly (D:5)
  2 orc priests
  2 orc wizards (D:7)
  2 iguanas
  Ijyb (D:4)
  Terence (D:3)
  9 worker ants
  A hound zombie (D:6)
  2 hound skeletons (D:5)
  A worker ant zombie (D:5)
  A howler monkey zombie (D:8)
  15 adders
  4 gnolls (D:4)
  4 shadow imps
  4 oozes
  2 adder skeletons (D:7)
  A worm (D:2)
  2 dart slugs (D:2)
  5 leopard geckos
  19 orcs
  2 giant cockroaches (D:5)
  17 goblins
  7 hobgoblins
  11 jackals
  4 quokkas
  A ball python (D:1)
  9 bats
  8 frilled lizards
  9 kobolds
  2 leopard gecko skeletons
  A quokka zombie (D:5)
  6 rats
  A fungus (D:3)
  A toadstool (D:3)
181 creatures vanquished.

Vanquished Creatures (others)
  4 toadstools (D:3)
4 creatures vanquished.

Grand Total: 185 creatures vanquished

Notes
Turn   | Place    | Note
-------+----------+-------------------------------------------
     0 | D:1      | BledDest the Demonspawn Artificer began the quest for the
                  | Orb.
     0 | D:1      | Reached XP level 1. HP: 15/15 MP: 3/3
   352 | D:1      | Gained mutation: You sometimes gain a little power by
                  | taking damage. [demonic ancestry]
   352 | D:1      | Reached XP level 2. HP: 6/22 MP: 4/4
  1530 | D:2      | Reached XP level 3. HP: 29/29 MP: 5/5
  2364 | D:2      | Gained mutation: You sometimes gain power by taking damage.
                  | [demonic ancestry]
  2364 | D:2      | Reached XP level 4. HP: 37/37 MP: 6/6
  2629 | D:2      | Reached skill level 1 in Maces & Flails
  2821 | D:2      | Found a bloodstained altar of Trog.
  3530 | D:3      | Reached skill level 2 in Maces & Flails
  3530 | D:3      | Gained mutation: You are surrounded by a mild repulsion
                  | field. (EV +2) [demonic ancestry]
  3530 | D:3      | Reached XP level 5. HP: 12/42 MP: 7/7
  3556 | D:3      | HP: 2/42 [poisoned by a worker ant]
  4168 | D:3      | Found an ornate altar of the Wu Jian Council.
  4778 | D:3      | Noticed Terence
  4788 | D:3      | Reached skill level 3 in Maces & Flails
  4827 | D:3      | Killed Terence
  5223 | D:4      | Gained mutation: You have a pair of small antennae on your
                  | head. [demonic ancestry]
  5223 | D:4      | Reached XP level 6. HP: 49/49 MP: 8/8
  5592 | D:4      | Reached skill level 5 in Fighting
  5592 | D:4      | Reached skill level 4 in Maces & Flails
  5977 | D:4      | Found a sacrificial altar of Ru.
  6169 | D:4      | Found a radiant altar of Vehumet.
  6255 | D:4      | Found a white marble altar of Elyvilon.
  6258 | D:4      | Found a blossoming altar of Fedhas.
  6261 | D:4      | Found a shimmering altar of Xom.
  6609 | D:4      | Reached XP level 7. HP: 55/56 MP: 9/9
  6710 | D:4      | Noticed Ijyb
  6754 | D:4      | Killed Ijyb
  6923 | D:5      | Entered Level 5 of the Dungeon
  6937 | D:5      | Found a sparkling altar of Nemelex Xobeh.
  7090 | D:5      | Reached skill level 5 in Maces & Flails
  7117 | D:5      | Noticed Grinder
  7117 | D:5      | Paralysed by Grinder for 7 turns
  7127 | D:5      | Paralysed by Grinder for 2 turns
  7131 | D:5      | Killed Grinder
  7362 | D:5      | Reached skill level 6 in Maces & Flails
  7571 | D:5      | Gained mutation: You have a pair of antennae on your head.
                  | [demonic ancestry]
  7571 | D:5      | Reached XP level 8. HP: 64/64 MP: 10/10
  7705 | D:5      | Found a stormy altar of Qazlal.
  8191 | D:6      | Got a smoking cloak
  8197 | D:6      | Identified the cursed +0 cloak of Ushadas {+Fly Str+3} (You
                  | found it on level 6 of the Dungeon)
  8267 | D:6      | Reached skill level 7 in Maces & Flails
  8285 | D:6      | Found a staircase to the Ecumenical Temple.
  8291 | Temple   | Entered the Ecumenical Temple
  8355 | Temple   | Became a worshipper of Gozag Ym Sagoz the Greedy
  9040 | D:6      | Reached skill level 8 in Maces & Flails
  9294 | D:6      | Found a snail-covered altar of Cheibriados.
  9487 | D:7      | Reached XP level 9. HP: 72/72 MP: 11/11
  9562 | D:7      | Found a sacrificial altar of Ru.
  9594 | D:7      | Found Gymiwnan's Distillery.
  9661 | D:7      | Bought a potion of curing for 39 gold pieces
  9661 | D:7      | Bought a potion of might for 52 gold pieces
  9661 | D:7      | Bought a potion of heal wounds for 65 gold pieces
  9661 | D:7      | Bought a potion of berserk rage for 65 gold pieces
  9661 | D:7      | Bought a potion of mutation for 104 gold pieces
  9661 | D:7      | Bought a potion of degeneration for 13 gold pieces
  9661 | D:7      | Bought a potion of curing for 39 gold pieces
  9661 | D:7      | Bought a potion of brilliance for 52 gold pieces
 10313 | D:8      | Noticed Psyche
 10441 | D:8      | Got a bloodstained chain mail
 10452 | D:8      | Identified the +8 chain mail of the Exiled Heavens {-Cast
                  | *Corrode rC++ rN+} (You found it on level 8 of the Dungeon)
 10487 | D:8      | Reached skill level 9 in Maces & Flails
 10508 | D:8      | Cast into level 1 of the Abyss (Psyche)
 10539 | Abyss:1  | Noticed an Executioner
 10543 | Abyss:1  | Slain by an Executioner

Illustrated notes

Levels and vault maps discovered:
D:1:      lemuel_arrival_broad_hall, layout_loops_ring
D:2:      layout_loops_ring, lemuel_round_altar, first_ration
D:3:      layout_loops_corners, lemuel_doored_altar, minmay_gold_behind_fungi,
          st_stairs_9, nrook_campfire, uniq_terence
D:4:      kennysheep_goblin_castle, layout_loops_ring, vehumet_altar_wand_db,
          grunt_temple_overflow_diamond, nicolae_ru_path_of_blood
D:5:      minmay_thinvault, layout_loops_ring, marbit_many_paths, st_stairs_4,
          nemelex_spade_bored_becter, uniq_grinder
D:6:      layout_basic, kennysheep_mini, minmay_temple_entry_fiery
D:7:      layout_basic, kennysheep_mini_moat, serial_shops, shop
D:8:      corexii_shack_village, layout_basic, lemuel_coloured_pillars_altar,
          uniq_joseph, uniq_pikel, uniq_psyche, uniq_grum
Temple:   hc_temple_tempest_star
Abyss:1:  base:
D:6

Skill      XL: |  1  2  3  4  5  6  7  8  9 |
---------------+----------------------------+-----
Fighting       | 2 3 4 5 6 7 8 |  8.0
Maces & Flails | 2 3 4 6 8 9 |  9.0
Short Blades   | |  0.8
Dodging        | |  1.7
Stealth        | |  0.8
Evocations     | |  3.0

Action                   |  1- 3 |  4- 6 |  7- 9 || total
-------------------------+-------+-------+-------++-------
Melee: Short sword       |    52 |       |       ||    52
       Whip              |   147 |   218 |       ||   365
       Dagger            |       |    32 |       ||    32
       Flail             |       |    57 |   280 ||   337
Throw: Stone             |     4 |     1 |       ||     5
       Dart              |       |    33 |     4 ||    37
Evoke: Wand              |     2 |     5 |    23 ||    30
  Use: Scroll            |     4 |     1 |     5 ||    10
       Potion            |       |     2 |       ||     2
 Stab: Sleeping          |     1 |       |       ||     1
       Invisible         |       |     2 |       ||     2
  Eat: Chunk             |     5 |    10 |     5 ||    20
       Ration            |       |     1 |     3 ||     4
Armor: Leather armour    |    40 |       |       ||    40
       Ring mail         |    26 |   103 |    93 ||   222
       Skin              |       |    11 |       ||    11
       Chain mail        |       |       |     7 ||     7
Dodge: Dodged            |   147 |   195 |   175 ||   517
